 Dungeon Crawl Stone Soup version 0.24-a0-443-g80245de385 (webtiles) character file.

Game seed: 2388092827068215718

220 Krouwed the Charmwright (level 6, 0/47 HPs)
             Began as a Human Skald on June 20, 2019.
             Slain by an ogre
             ... wielding a +0 giant spiked club
              (25 damage)
             ... on level 3 of the Dungeon on June 21, 2019.
             The game lasted 00:12:41 (2510 turns).

Krouwed the Charmwright (Human Skald)               Turns: 2510, Time: 00:12:41

Health: 0/47       AC:  5    Str: 12    XL:     6   Next: 18%
Magic:  7/9        EV: 13    Int: 14    God:
Gold:   89         SH:  0    Dex: 13    Spells: 3/9 levels left

rFire    . . .     SeeInvis .   a - +0 falchion
rCold    . . .     Gourm    .   (no shield)
rNeg     . . .     Faith    .   j - +0 leather armour
rPois    .         Spirit   .   c - +0 helmet
rElec    .         Reflect  .   g - +0 cloak
rCorr    .         Harm     .   (no gloves)
MR       .....                  (no boots)
Stlth    +.........             (no amulet)
HPRegen  0.15/turn              (no ring)
MPRegen  0.11/turn              (no ring)

@: infused
A: no striking features
a: no special abilities


You were on level 3 of the Dungeon.
You were not hungry.

You visited 1 branch of the dungeon, and saw 4 of its levels.

You collected 89 gold pieces.

Inventory:

Hand Weapons
 a - a +0 falchion (weapon)
 b - a +2 hunting sling of velocity
Missiles
 o - 20 sling bullets
 r - 82 stones (quivered)
Armour
 c - a +0 helmet (worn)
 g - a +0 cloak (worn)
 j - a +0 leather armour (worn)
 n - a +0 scale mail
Scrolls
 f - 2 scrolls of remove curse {unknown}
 h - a scroll of enchant weapon {unknown}
 i - a scroll of immolation {unknown}
 p - a scroll of amnesia {unknown}
 q - a scroll of enchant armour {unknown}
Potions
 e - a potion of degeneration {unknown}
 k - a potion of lignification
 l - a potion of cancellation
 m - a potion of magic {unknown}
Comestibles
 d - 6 rations


   Skills:
 + Level 3.2 Fighting
 + Level 3.2 Long Blades
 - Level 1.4 Armour
 + Level 3.2 Dodging
 - Level 2.2 Spellcasting
 + Level 4.0 Charms
 - Level 0.2 Translocations


You had 3 spell levels left.
You knew the following spells:

 Your Spells              Type           Power        Failure   Level  Hunger
a - Infusion              Chrm           ##..         5%          1    #......
b - Shroud of Golubria    Chrm/Tloc      #.....       19%         2    ###....
c - Regeneration          Chrm/Necr      #.........   36%         3    ###....

Your spell library contained the following spells:

 Spells                   Type           Power        Failure   Level  Hunger
 Song of Slaying          Chrm           ##......     9%          2    ###....
 Spectral Weapon          Hex/Chrm       #.......     36%         3    ###....


Dungeon Overview and Level Annotations

Branches:
Dungeon (4/15)
 Temple: D:4-7

Altars:
Yredelemnul


Message History

You start resting.
Eating one of 3 chunks of flesh.
You eat one of the 3 chunks of flesh.
This raw flesh tastes terrible.
All of the chunks of flesh in your inventory have rotted away.
HP restored.
The ogre shouts!
Casting: Infusion (safe; 5% risk of failure)
Confirm with . or Enter, or press ? or * to list all spells.
You begin infusing your attacks with magical energy.
You closely miss the ogre.
The ogre is lightly wounded.
The ogre hits you with a +0 giant spiked club!
You hit the ogre.
The ogre is lightly wounded.
The ogre hits you with a +0 giant spiked club!
You barely miss the ogre.
The ogre is lightly wounded.
The ogre hits you with a +0 giant spiked club!!
Ouch! That really hurt!
You die...

.............## #.######.
#######..##...###########.#
#.
..........................#
#.
####.....##...###.#######.#
#. ####.#...###.## #.##
#.######. .....#...###.#
#..######.#.<....
####.##...##.#
#...........####.
#.#.....#.####..######...#
#. ####.#.........O@..#
#...# #.
.............####.##
#...##### )..........#.#
#.# #...#....
####.#..#.##.# #.#
#...#.### ####.#..#.##.#
#.# #...#.#
........#.##.####.# ##.##.#
.....#.##.##'##)..# #.##.#
<...))[>รท.##.###### #.##.#
.....O.####8.8# #.##.#


You could see an ogre.

Vanquished Creatures
  An ogre (D:3)
  An orc wizard (D:3)
  2 adders (D:2)
  4 oozes
  2 worms
  2 dart slugs
  3 leopard geckos
  3 orcs (D:3)
  4 bats
  2 giant cockroaches
  6 goblins
  8 hobgoblins
  2 jackals (D:1)
  4 kobolds (D:2)
  A quokka (D:2)
  A ball python (D:1)
  2 frilled lizards
  8 rats
56 creatures vanquished.

Notes
Turn   | Place    | Note
-------+----------+-------------------------------------------
     0 | D:1      | Krouwed the Human Skald began the quest for the Orb.
     0 | D:1      | Reached XP level 1. HP: 16/16 MP: 3/3
    97 | D:1      | Reached XP level 2. HP: 19/22 MP: 5/5
   265 | D:1      | Reached XP level 3. HP: 19/27 MP: 6/6
   273 | D:1      | Learned a level 2 spell: Shroud of Golubria
   277 | D:1      | Learned a level 3 spell: Regeneration
   918 | D:2      | Found a basalt altar of Yredelemnul.
  1019 | D:2      | Reached XP level 4. HP: 32/34 MP: 7/7
  1526 | D:3      | Noticed an ogre
  1759 | D:3      | Reached XP level 5. HP: 39/39 MP: 8/8
  1781 | D:3      | Killed an ogre
  2016 | D:3      | Found a faded altar of an unknown god.
  2079 | D:3      | Reached XP level 6. HP: 22/47 MP: 5/9
  2230 | D:4      | Noticed an ogre
  2238 | D:3      | Reached skill level 4 in Charms
  2510 | D:3      | Slain by an ogre

Levels and vault maps discovered:
D:1:      psy_arrival_dodecagon, layout_rooms, kennysheep_flooded_box,
          due_unseen_surprise
D:2:      layout_loops_ring, overflow_temple_1_default
D:3:      layout_loops_ring, chequers_ecumenical_altar_simple_redux,
          first_ration, dk_noncrumbling_2
D:4:      layout_basic, minmay_temple_entry_poolview

Skill      XL: |  1  2  3  4  5  6 |
---------------+-------------------+-----
Fighting       | 3 |  3.2
Long Blades    | 3 |  3.2
Dodging        | 3 |  3.2
Charms         | 4 |  4.0
Armour         | |  1.4
Spellcasting   | |  2.2
Translocations | |  0.2

Action                   |  1- 3 |  4- 6 || total
-------------------------+-------+-------++-------
Melee: Falchion          |    78 |    91 ||   169
 Fire: Hunting sling     |       |     6 ||     6
 Cast: Infusion          |     2 |     8 ||    10
       Shroud of Golubri |       |     1 ||     1
  Use: Scroll            |       |     3 ||     3
 Stab: Sleeping          |       |     1 ||     1
  Eat: Chunk             |     1 |     5 ||     6
Armor: Leather armour    |    29 |    23 ||    52
Dodge: Dodged            |    62 |    57 ||   119
       Rpst.: Falchion   |    27 |    17 ||    44

Table legend:
 A = Non-vault XP
 B = Vault XP
 C = Vault XP percentage of total XP
 D = Non-vault monster count
 E = Vault monster count
 F = Vault count percentage of total count
                 A         B        C        D         E       F
            +---------+---------+-------+---------+---------+-------
      Total |     315 |       0 |   0.0 |      56 |       0 |   0.0
            +---------+---------+-------+---------+---------+-------
        D:1 |      33 |       0 |   0.0 |      14 |       0 |   0.0
        D:2 |      82 |       0 |   0.0 |      24 |       0 |   0.0
        D:3 |     200 |       0 |   0.0 |      18 |       0 |   0.0
            +---------+---------+-------+---------+---------+-------
